AA
KANSAS CITY T-BONES @ SIOUX CITY EXPLORERS
05/21/2072
 
TOP OF THE 1ST
Kansas City Royals batting - Pitching for Los Angeles Angels : RHP Pablo Mendivil
Pitching: RHP Pablo Mendivil
Batting: RHB Manny Velasquez 0-0: Ball
1-0: Fly out, F3 (Popup, 3, EV 58.1 MPH)
Batting: RHB Randy Hamilton 0-0: Ball
1-0: Swinging Strike
1-1: Swinging Strike
1-2: Ball
2-2: Ball
3-2: Base on Balls
Batting: LHB Taylor Foster 0-0: Ball
1-0: Ball
2-0: Called Strike
2-1: Foul Ball, location: 2F
2-2: Strikes out looking
Batting: LHB Mike Sackett 0-0: Called Strike
0-1: Foul Ball, location: 2F
0-2: Ball
1-2: Ball
2-2: Fly out, F7 (Flyball, 78S, EV 70.6 MPH)
Top of the 1st over - 0 runs, 0 hits, 0 errors, 1 left on base; Kansas City 0 - Los Angeles 0
BOTTOM OF THE 1ST
Los Angeles Angels batting - Pitching for Kansas City Royals : RHP Asher Robert
Pitching: RHP Asher Robert
Batting: RHB Leo Romo 0-0: Foul Ball, location: 2F
0-1: Ball
1-1: Ball
2-1: Foul Ball, location: 2F
2-2: Ball
3-2: DOUBLE (Flyball, 8RXD, EV 106.9 MPH)
Batting: SHB Chance Gayles 0-0: Ball
1-0: Sac Bunt to 13S - play at third, runner OUT! 1-5
Batting: SHB Sam Thomas 0-0: Ball
1-0: Foul Ball, location: 2F
1-1: Grounds into double play, U6-3 (Groundball, 4M, EV 86.2 MPH)
Bottom of the 1st over - 0 runs, 1 hit, 0 errors, 0 left on base; Kansas City 0 - Los Angeles 0
TOP OF THE 2ND
Kansas City Royals batting - Pitching for Los Angeles Angels : RHP Pablo Mendivil
Batting: LHB Philip Winstead 0-0: Called Strike
0-1: Ball
1-1: Ball
2-1: SINGLE (Line Drive, 7S, EV 96.9 MPH)
Batting: LHB Juan Sanchez 0-0: Ball
1-0: Called Strike
1-1: Ball
2-1: Swinging Strike
2-2: Ball
3-2: Foul Ball, location: 2F
3-2: Base on Balls
Philip Winstead to second
Batting: RHB Ricardo Mendoza 0-0: Ball
Philip Winstead steals 3rd base (no throw)
Juan Sanchez to second
1-0: Called Strike
1-1: Ball
2-1: Fly out, F7 (Flyball, 78S, EV 91.9 MPH)
Batting: RHB Nate David 0-0: Called Strike
0-1: Foul Ball, location: 2F
0-2: Ball
1-2: Hit by Pitch
Batting: RHB Justin Vergin 0-0: Foul Ball, location: 2F
0-1: Ball
1-1: Ball
2-1: Foul Ball, location: 2F
2-2: Ball
3-2: Base on Balls
Philip Winstead scores
Juan Sanchez to third
Nate David to second
Batting: RHB Manny Velasquez 0-0: Fielders Choice at 2nd, 3-6 (Groundball, 34, EV 84.4 MPH)
Juan Sanchez scores
Nate David to third
Batting: RHB Randy Hamilton Pickoff Throw to First - Error! E1
Nate David scores
Manny Velasquez to second
0-0: Ball
1-0: Ball
2-0: Ball
3-0: Called Strike
3-1: Base on Balls
Batting: LHB Taylor Foster 0-0: Ball
1-0: Swinging Strike
1-1: Called Strike
1-2: DOUBLE (Flyball, 89D, EV 93.1 MPH)
Manny Velasquez scores
Randy Hamilton to third
Batting: LHB Mike Sackett 0-0: Ball
1-0: Ball
2-0: Called Strike
2-1: Fly out, F8 (Flyball, 89XD, EV 107.5 MPH)
Top of the 2nd over - 4 runs, 2 hits, 1 error, 2 left on base; Kansas City 4 - Los Angeles 0
BOTTOM OF THE 2ND
Los Angeles Angels batting - Pitching for Kansas City Royals : RHP Asher Robert
Batting: LHB Alex Barrera 0-0: Ball
1-0: Ball
2-0: Ball
3-0: Called Strike
3-1: Fly out, F8 (Flyball, 8LXD, EV 105.6 MPH)
Batting: RHB Eric Goff 0-0: Called Strike
0-1: Ball
1-1: Swinging Strike
1-2: Strikes out swinging
Batting: LHB Andres Ponce 0-0: Called Strike
0-1: Foul Ball, location: 2F
0-2: Ball
1-2: Ball
2-2: Ground out 6-3 (Groundball, 6, EV 90.0 MPH)
Bottom of the 2nd over - 0 runs, 0 hits, 0 errors, 0 left on base; Kansas City 4 - Los Angeles 0
TOP OF THE 3RD
Kansas City Royals batting - Pitching for Los Angeles Angels : RHP Pablo Mendivil
Batting: LHB Philip Winstead 0-0: Ball
1-0: Foul Ball, location: 2F
1-1: Ball
2-1: Ball
3-1: Foul Ball, location: 2F
3-2: Foul Ball, location: 2F
3-2: Base on Balls
Batting: LHB Juan Sanchez 0-0: Ball
1-0: Fly out, F8 (Flyball, 78XD, EV 91.9 MPH)
Batting: RHB Ricardo Mendoza 0-0: Ball
1-0: Called Strike
1-1: Called Strike
1-2: Strikes out swinging
Batting: RHB Nate David 0-0: Called Strike
Philip Winstead steals 2nd base
0-1: Hit by Pitch
Batting: RHB Justin Vergin 0-0: Called Strike
0-1: Ball
1-1: Ball
2-1: Ball
Wild Pitch!
Philip Winstead to third
Nate David to second
3-1: Fly out, F6 (Popup, 6, EV 80.6 MPH)
Top of the 3rd over - 0 runs, 0 hits, 0 errors, 2 left on base; Kansas City 4 - Los Angeles 0
BOTTOM OF THE 3RD
Los Angeles Angels batting - Pitching for Kansas City Royals : RHP Asher Robert
Batting: LHB Rimbo Lindstrom 0-0: Foul Ball, location: 2F
0-1: Foul Ball, location: 2F
0-2: Foul Ball, location: 2F
0-2: Strikes out looking
Batting: LHB Esteban Jimenez 0-0: Ball
1-0: Foul Ball, location: 2F
1-1: Foul Ball, location: 2F
1-2: Strikes out swinging
Batting: RHB David Costilla 0-0: Foul Ball, location: 2F
0-1: Ball
1-1: Foul Ball, location: 2F
1-2: Ball
2-2: Strikes out looking
Bottom of the 3rd over - 0 runs, 0 hits, 0 errors, 0 left on base; Kansas City 4 - Los Angeles 0
TOP OF THE 4TH
Kansas City Royals batting - Pitching for Los Angeles Angels : RHP Pablo Mendivil
Batting: RHB Manny Velasquez 0-0: Called Strike
0-1: Foul Ball, location: 2F
0-2: Foul Ball, location: 2F
0-2: Ball
1-2: SINGLE (Groundball, 56D, EV 101.9 MPH)
Batting: RHB Randy Hamilton 0-0: Called Strike
0-1: Ball
1-1: Ball
2-1: Ball
3-1: Base on Balls
Manny Velasquez to second
Batting: LHB Taylor Foster 0-0: Foul Ball, location: 2F
0-1: Ball
1-1: Ball
2-1: Ball
3-1: Foul Ball, location: 2F
3-2: Strikes out swinging
Batting: LHB Mike Sackett 0-0: Called Strike
0-1: Called Strike
0-2: Ball
1-2: Strikes out looking
Batting: LHB Philip Winstead 0-0: Ball
1-0: Called Strike
1-1: Called Strike
1-2: Fly out, F8 (Line Drive, 8LD, EV 86.9 MPH)
Top of the 4th over - 0 runs, 1 hit, 0 errors, 2 left on base; Kansas City 4 - Los Angeles 0
BOTTOM OF THE 4TH
Los Angeles Angels batting - Pitching for Kansas City Royals : RHP Asher Robert
Batting: RHB Leo Romo 0-0: Ball
1-0: Called Strike
1-1: Foul Ball, location: 2F
1-2: Foul Ball, location: 2F
1-2: SINGLE (Groundball, 6MD, EV 93.8 MPH)
Batting: SHB Chance Gayles 0-0: Called Strike
0-1: Foul Ball, location: 2F
0-2: Foul Ball, location: 2F
0-2: Strikes out swinging
Batting: SHB Sam Thomas 0-0: Ball
1-0: SINGLE (Line Drive, 7S, EV 98.1 MPH)
Leo Romo to second
Batting: LHB Alex Barrera 0-0: Ball
1-0: Ball
2-0: Called Strike
2-1: Foul Ball, location: 2F
2-2: Foul Ball, location: 2F
2-2: Strikes out swinging
Batting: RHB Eric Goff 0-0: Foul Ball, location: 2F
0-1: Foul Ball, location: 2F
0-2: Ball
1-2: Ball
2-2: Fly out, F8 (Flyball, 89D, EV 79.4 MPH)
Bottom of the 4th over - 0 runs, 2 hits, 0 errors, 2 left on base; Kansas City 4 - Los Angeles 0
TOP OF THE 5TH
Kansas City Royals batting - Pitching for Los Angeles Angels : RHP Pablo Mendivil
Pitching: RHP Danny Bolduc
Batting: LHB Juan Sanchez 0-0: Ball
1-0: Swinging Strike
1-1: Ball
2-1: Foul Ball, location: 2F
2-2: Foul Ball, location: 2F
2-2: Strikes out looking
Batting: RHB Ricardo Mendoza 0-0: Fly out, F8 (Flyball, 8RD, EV 87.5 MPH)
Batting: RHB Nate David 0-0: Called Strike
0-1: Foul Ball, location: 2F
0-2: Strikes out swinging
Top of the 5th over - 0 runs, 0 hits, 0 errors, 0 left on base; Kansas City 4 - Los Angeles 0
BOTTOM OF THE 5TH
Los Angeles Angels batting - Pitching for Kansas City Royals : RHP Asher Robert
Pitching: RHP Kyle Bailey
Batting: LHB Andres Ponce 0-0: Ball
1-0: Ball
2-0: Foul Ball, location: 2F
2-1: Ball
3-1: Called Strike
3-2: Strikes out swinging
Batting: LHB Rimbo Lindstrom 0-0: Called Strike
0-1: Swinging Strike
0-2: Ball
1-2: Foul Ball, location: 2F
1-2: Ball
2-2: Foul Ball, location: 2F
2-2: Ball
3-2: Foul Ball, location: 2F
3-2: SINGLE (Line Drive, 4D, EV 106.9 MPH)
Batting: LHB Esteban Jimenez 0-0: Ball
1-0: Ball
2-0: Called Strike
2-1: Ball
3-1: Foul Ball, location: 2F
3-2: Foul Ball, location: 2F
3-2: Base on Balls
Rimbo Lindstrom to second
Batting: RHB David Costilla 0-0: Called Strike
0-1: Ball
1-1: Ball
2-1: Swinging Strike
2-2: Ball
3-2: Base on Balls
Rimbo Lindstrom to third
Esteban Jimenez to second
Batting: RHB Leo Romo 0-0: Ball
1-0: Called Strike
1-1: Ball
2-1: Ball
3-1: Base on Balls
Rimbo Lindstrom scores
Esteban Jimenez to third
David Costilla to second
Batting: SHB Chance Gayles 0-0: Swinging Strike
0-1: Ball
1-1: Ball
2-1: Ball
3-1: Base on Balls
Esteban Jimenez scores
David Costilla to third
Leo Romo to second
Batting: SHB Sam Thomas 0-0: Foul Ball, location: 2F
0-1: Ball
1-1: Called Strike
1-2: Strikes out swinging
Batting: LHB Alex Barrera 0-0: Ball
1-0: Called Strike
1-1: Foul Ball, location: 2F
1-2: Strikes out swinging
Bottom of the 5th over - 2 runs, 1 hit, 0 errors, 3 left on base; Kansas City 4 - Los Angeles 2
TOP OF THE 6TH
Kansas City Royals batting - Pitching for Los Angeles Angels : RHP Danny Bolduc
Batting: RHB Justin Vergin 0-0: Called Strike
0-1: Ground out 5-3 (Groundball, 5, EV 75.6 MPH)
Pinch Hitting: SHB Elias Rangel 0-0: Called Strike
0-1: Ball
1-1: Foul Ball, location: 2F
1-2: Ball
2-2: Strikes out swinging
Pinch Hitting: RHB Sal Padilla 0-0: Swinging Strike
0-1: Foul Ball, location: 2F
0-2: Ball
1-2: Ball
2-2: Strikes out swinging
Top of the 6th over - 0 runs, 0 hits, 0 errors, 0 left on base; Kansas City 4 - Los Angeles 2
BOTTOM OF THE 6TH
Los Angeles Angels batting - Pitching for Kansas City Royals : RHP Kyle Bailey
Pitching: LHP Tom Misner
Now at 2B: Sal Padilla
Now in RF: Elias Rangel
Batting: RHB Eric Goff 0-0: SOLO HOME RUN (Flyball, 78XD, EV 97.5 MPH), Distance : 455 ft
Batting: LHB Andres Ponce 0-0: Foul Ball, location: 2F
0-1: Foul Ball, location: 2F
0-2: Fly out, F8 (Flyball, 8LXD, EV 100.6 MPH)
Batting: LHB Rimbo Lindstrom 0-0: Foul Ball, location: 2F
0-1: Swinging Strike
0-2: Ball
1-2: Strikes out looking
Batting: LHB Esteban Jimenez 0-0: Ball
1-0: Ball
2-0: Called Strike
2-1: Swinging Strike
2-2: Strikes out looking
Bottom of the 6th over - 1 run, 1 hit, 0 errors, 0 left on base; Kansas City 4 - Los Angeles 3
TOP OF THE 7TH
Kansas City Royals batting - Pitching for Los Angeles Angels : RHP Danny Bolduc
Pinch Hitting: LHB Jon Morales 0-0: Fly out, F4 (Line Drive, 4, EV 72.5 MPH)
Batting: LHB Braden Samuels 0-0: Foul Ball, location: 2F
0-1: Ball
1-1: Ground out 6-3 (Groundball, 56, EV 84.4 MPH)
Pinch Hitting: RHB Tomas Jaimes 0-0: Ball
1-0: Ball
2-0: Called Strike
2-1: Ball
3-1: Base on Balls
Pinch Hitting: LHB Nick Hier 0-0: Ball
1-0: Ball
2-0: Ball
3-0: Called Strike
3-1: Foul Ball, location: 2F
3-2: Foul Ball, location: 2F
3-2: Foul Ball, location: 2F
3-2: Strikes out swinging
Top of the 7th over - 0 runs, 0 hits, 0 errors, 1 left on base; Kansas City 4 - Los Angeles 3
BOTTOM OF THE 7TH
Los Angeles Angels batting - Pitching for Kansas City Royals : LHP Tom Misner
Now at 1B: Jon Morales
Now in LF: Nick Hier
Now in CF: Tomas Jaimes
Batting: RHB David Costilla 0-0: Ball
1-0: Swinging Strike
1-1: Ball
2-1: Foul Ball, location: 2F
2-2: Ball
3-2: Strikes out swinging
Pinch Hitting: RHB Lance Cello 0-0: Hit by Pitch
Pinch Hitting: LHB Bobby Snooks 0-0: Ball
1-0: Foul Ball, location: 2F
1-1: Swinging Strike
1-2: Strikes out swinging
Pinch Hitting: RHB Ian Williams 0-0: Ball
1-0: Foul Ball, location: 2F
1-1: Foul Ball, location: 2F
1-2: DOUBLE (Flyball, 89D, EV 100.6 MPH)
Lance Cello to third
Pinch Hitting: RHB John Eliason 0-0: Fly out, F8 (Line Drive, 8RM, EV 93.1 MPH)
Bottom of the 7th over - 0 runs, 1 hit, 0 errors, 2 left on base; Kansas City 4 - Los Angeles 3
TOP OF THE 8TH
Kansas City Royals batting - Pitching for Los Angeles Angels : RHP Danny Bolduc
Pitching: RHP Angelo Barrientos
Now at 2B: John Eliason
Now at 3B: Ian Williams
Now at SS: Lance Cello
Now in CF: Bobby Snooks
Pinch Hitting: RHB Alex Rojas 0-0: Ball
1-0: Swinging Strike
1-1: Ground out 4-3 (Groundball, 4, EV 86.2 MPH)
Pinch Hitting: LHB Mitch Arnette 0-0: Foul Ball, location: 2F
0-1: Fly out, F8 (Flyball, 8LXD, EV 109.4 MPH)
Batting: RHB Justin Vergin 0-0: Called Strike
0-1: Foul Ball, location: 2F
0-2: Foul Ball, location: 2F
0-2: Ball
1-2: Ball
2-2: Foul Ball, location: 2F
2-2: Foul Ball, location: 2F
2-2: Ball
3-2: Foul Ball, location: 2F
3-2: Foul Ball, location: 2F
3-2: Base on Balls
Batting: SHB Elias Rangel 0-0: Ball
1-0: SINGLE (Line Drive, 4MD, EV 106.2 MPH)
Justin Vergin to second
Batting: RHB Sal Padilla 0-0: Called Strike
0-1: Called Strike
0-2: Strikes out looking
Top of the 8th over - 0 runs, 1 hit, 0 errors, 2 left on base; Kansas City 4 - Los Angeles 3
BOTTOM OF THE 8TH
Los Angeles Angels batting - Pitching for Kansas City Royals : LHP Tom Misner
Pitching: LHP Jeff Zink
Now at 3B: Mitch Arnette
Now at SS: Alex Rojas
Pinch Hitting: RHB Dan Spaude 0-0: SOLO HOME RUN (Flyball, 7LD, EV 105.0 MPH), Distance : 376 ft
Pinch Hitting: LHB Frank Gurrola 0-0: Called Strike
0-1: Swinging Strike
0-2: Ball
1-2: Foul Ball, location: 2F
1-2: Strikes out looking
Batting: RHB Nathaniel Buckland 0-0: Ball
1-0: Ball
2-0: Ground out 4-3 (Groundball, 4, EV 103.1 MPH)
Pinch Hitting: RHB Carlos Lozano 0-0: Called Strike
0-1: Ball
1-1: Ball
2-1: SINGLE (Groundball, 56D, EV 95.6 MPH)
Pinch Hitting: RHB Willie Palacios 0-0: Ball
1-0: Foul Ball, location: 2F
1-1: Swinging Strike
1-2: Ball
2-2: Foul Ball, location: 2F
2-2: Foul Ball, location: 2F
2-2: Strikes out looking
Bottom of the 8th over - 1 run, 2 hits, 0 errors, 1 left on base; Kansas City 4 - Los Angeles 4
TOP OF THE 9TH
Kansas City Royals batting - Pitching for Los Angeles Angels : RHP Angelo Barrientos
Now at C: Willie Palacios
Now at 1B: Carlos Lozano
Now in LF: Frank Gurrola
Now in RF: Dan Spaude
Pinch Hitting: LHB Brian McCarver 0-0: Ball
1-0: Fly out, F9 (Flyball, 9D, EV 88.8 MPH)
Batting: LHB Braden Samuels 0-0: Foul Ball, location: 2F
0-1: Ball
1-1: Ball
2-1: Ball
3-1: Base on Balls
Pinch Hitting: LHB Geraldo Ortega 0-0: 2-RUN HOME RUN (Flyball, 8LXD, EV 106.9 MPH), Distance : 469 ft
Batting: LHB Nick Hier 0-0: Called Strike
0-1: Swinging Strike
0-2: Strikes out swinging
Batting: RHB Alex Rojas 0-0: Swinging Strike
0-1: Swinging Strike
0-2: Ball
1-2: Strikes out swinging
Top of the 9th over - 2 runs, 1 hit, 0 errors, 0 left on base; Kansas City 6 - Los Angeles 4
BOTTOM OF THE 9TH
Los Angeles Angels batting - Pitching for Kansas City Royals : LHP Jeff Zink
Now at 1B: C.J. Kindle
Now in CF: Aaron Morris
Batting: RHB Lance Cello 0-0: Swinging Strike
0-1: SOLO HOME RUN (Flyball, 89XD, EV 110.6 MPH), Distance : 429 ft
Pinch Hitting: RHB Art LaPorte 0-0: Foul Ball, location: 2F
0-1: Foul Ball, location: 2F
0-2: Fly out, F7 (Flyball, 7LM, EV 90.0 MPH)
Batting: RHB Ian Williams 0-0: Called Strike
0-1: Ball
1-1: Ball
2-1: Ball
3-1: Ground out 6-3 (Groundball, 56S, EV 87.5 MPH)
Batting: RHB John Eliason 0-0: Called Strike
0-1: Ball
1-1: Called Strike
1-2: Ball
2-2: Ground out 6-3 (Groundball, 56S, EV 80.6 MPH)
Bottom of the 9th over - 1 run, 1 hit, 0 errors, 0 left on base; Kansas City 6 - Los Angeles 5
Friday, October 22nd , 2021 - OOTP Baseball 22.10 Build 79